 Dungeon Crawl Stone Soup version 0.29.1-14-g9c671dbff4 (webtiles) character file.

Game seed: 14347721046600315205

70 ChadusMaximus the Caller (level 4, -1/30 HPs)
             Began as a Human Summoner on Feb 17, 2023.
             Killed from afar by Natasha (9 damage)
             ... with a magic dart
             ... on level 2 of the Dungeon.
             The game lasted 00:02:32 (2280 turns).

ChadusMaximus the Caller (Human Summoner)           Turns: 2280, Time: 00:02:33

Health: -1/30      AC:  2    Str:  9    XL:     4   Next: 45%
Magic:  0/7        EV: 12    Int: 17    God:
Gold:   124        SH:  0    Dex: 13    Spells: 2/8 levels left

rFire   . . .      SeeInvis .   c - +0 spear
rCold   . . .      Faith    .   (no shield)
rNeg    . . .      Spirit   .   a - +0 robe
rPois   .          Reflect  .   (no helmet)
rElec   .          Harm     .   (no cloak)
rCorr   .          Rampage  .   (no gloves)
Will    .....                   (no boots)
Stlth   ++........              (no amulet)
HPRegen 0.10/turn               (no ring)
MPRegen 0.10/turn               (no ring)

@: very slightly contaminated
A: no striking features
a: no special abilities


You were on level 2 of the Dungeon.
You visited 1 branch of the dungeon, and saw 2 of its levels.

You collected 124 gold pieces.

Inventory:

Hand Weapons
 c - a +0 spear (weapon)
Armour
 a - a +0 robe (worn)
Jewellery
 i - a ring of wizardry
Scrolls
 d - a scroll of teleportation {unknown}
 e - a scroll of vulnerability {unknown}
 f - a scroll of identify {unknown}
 g - a scroll of immolation {unknown}
 h - a scroll of noise {unknown}
Potions
 b - a potion of magic


   Skills:
 + Level 2.7 Dodging
 + Level 2.9 Stealth
 + Level 2.5 Spellcasting
 + Level 4.4 Summonings


You had 2 spell levels left.
You knew the following spells:

 Your Spells              Type           Power      Damage    Failure   Level
a - Summon Small Mammal   Summ           68%        N/A       3%          1
b - Call Canine Familiar  Summ           17%        N/A       9%          3
c - Call Imp              Summ           17%        N/A       4%          2

Your spell library contained the following spells:

 Spells                   Type           Power      Damage    Failure   Level
 Summon Guardian Golem    Hex/Summ       9%         N/A       22%         3
 Summon Lightning Spire   Summ/Air       9%         N/A       58%         4


Dungeon Overview and Level Annotations

Branches:
Dungeon (2/15)

Altars:

Annotations:
D:2 Natasha


Message History

No target in view!
No target in view!
Natasha, Servant of Life and Death comes into view.
Natasha hisses angrily.
Natasha is nearby!
You barely miss Natasha. Natasha barely misses you.
Casting: Call Imp (safe; 4% risk of failure)
Confirm with . or Enter, or press ? or * to list all spells.
The spell is quite dangerous to miscast (9% risk of failure)!
Continue anyway?
You miscast Call Canine Familiar.
You are very lightly contaminated with residual magic.
Nothing appears to happen.
Natasha closely misses you.
Casting: Call Canine Familiar (quite dangerous; 9% risk of failure)
Confirm with . or Enter, or press ? or * to list all spells.
You don't know that spell.
Natasha is nearby!
Casting: Call Canine Familiar (quite dangerous; 9% risk of failure)
Confirm with . or Enter, or press ? or * to list all spells.
The spell is quite dangerous to miscast (9% risk of failure)!
Continue anyway?
Natasha claws you!
Unknown command.
You barely miss Natasha. Natasha claws you.
Your hound closely misses Natasha.
Casting: Call Canine Familiar (quite dangerous; 9% risk of failure)
Confirm with . or Enter, or press ? or * to list all spells.
You don't have enough magic to cast this spell.
Casting: Call Canine Familiar (quite dangerous; 9% risk of failure)
Confirm with . or Enter, or press ? or * to list all spells.
Your hound misses Natasha. Natasha claws you.
Your hound bites Natasha.
Natasha attacks as you move away! Natasha closely misses you.
Your hound barely misses Natasha.
Your rat closely misses Natasha.
Natasha claws you.
* * * LOW HITPOINT WARNING * * *
You hit Natasha but do no damage.
Natasha is lightly wounded.
Your hound bites Natasha.
Your hound bites Natasha but does no damage.
Your rat bites Natasha.
Natasha stares at you and mumbles some strange words.
The magic dart hits you!
You die...

###....#..........#....##....#>.
#........#....#.#.......###...##.
#........#...........#...........
#........# #.........#..####...##
#...<....# ##........#..# ...##
#........# ##..........###...#
#........# #.................
#........### ##..rh.........##...
#........†.####.@h..........# ..#
####.#####..#....†.............
#.# ##..................#
#.#######..##..............
##.....###.###..)).........
##.......##.# #.............
#...........# #.............
#.........### #......<... .
#.........# #.>....... ..#


You could see Natasha (ally target), a friendly hound (summoned) and a friendly
rat (summoned).

Vanquished Creatures
  A ball python (D:1)
  2 bats (D:1)
  2 endoplasms (D:1)
  2 giant cockroaches
  A hobgoblin (D:1)
  3 frilled lizards
  2 goblins
  2 rats (D:1)
15 creatures vanquished.

Vanquished Creatures (collateral kills)
  Natasha (D:2)
  An adder (D:2)
  2 bats
  2 endoplasms
  5 goblins
  3 hobgoblins
  A quokka (D:1)
  A ball python (D:1)
  3 frilled lizards
  2 kobolds
21 creatures vanquished.

Grand Total: 36 creatures vanquished

Notes
Turn   | Place    | Note
-------+----------+-------------------------------------------
     0 | D:1      | ChadusMaximus the Human Summoner began the quest for the
                  | Orb.
     0 | D:1      | Reached XP level 1. HP: 13/13 MP: 3/3
   237 | D:1      | Reached XP level 2. HP: 19/19 MP: 1/5
   277 | D:1      | Found a faded altar of an unknown god.
  1251 | D:1      | Reached XP level 3. HP: 24/24 MP: 6/6
  1543 | D:1      | Learned a level 3 spell: Call Canine Familiar
  1546 | D:1      | Learned a level 2 spell: Call Imp
  2029 | D:2      | HP: 1/24 [poisoned by an adder]
  2146 | D:2      | Noticed Natasha
  2157 | D:2      | Killed Natasha
  2158 | D:2      | Reached XP level 4. HP: 23/30 MP: 1/7
  2271 | D:2      | Noticed Natasha
  2280 | D:2      | Killed from afar by Natasha

Illustrated notes

Levels and vault maps discovered:
D:1:      roderic_dead_forest, layout_basic,
          hellmonk_ecumenical_altar_prayer_group
D:2:      layout_rooms, uniq_natasha

Action                   |  1- 3 |  4- 6 || total
-------------------------+-------+-------++-------
Melee: Spear             |    75 |     8 ||    83
       Punch             |     1 |       ||     1
 Cast: Summon Small Mamm |    22 |     1 ||    23
       Call Canine Famil |     6 |     1 ||     7
       Call Imp          |     4 |       ||     4
  Use: Potion            |     2 |       ||     2
 Stab: Sleeping          |     2 |     1 ||     3
       Distracted        |     2 |       ||     2
Armor: Robe              |    22 |     2 ||    24
Dodge: Dodged            |    55 |     4 ||    59
